 Dungeon Crawl Stone Soup version 0.31-a0-193-gdfe2569204 (webtiles) character file.

Game seed: 5225692049883471479

3151 qw the Skirmisher (level 9, -4/50 HPs)
             Began as a Deep Elf Hunter on June 23, 2023.
             Was a Follower of Okawaru.
             Slain by a death yak (13 damage)
             ... on level 8 of the Dungeon.
             The game lasted 00:04:23 (9223 turns).

qw the Skirmisher (Deep Elf Hunter)                 Turns: 9223, Time: 00:04:24

Health: -4/50      AC: 12    Str: 11    XL:     9   Next: 62%
Magic:  13/14      EV: 27    Int: 14    God:    Okawaru [*.....]
Gold:   265        SH:  5    Dex: 30    Spells: 8/8 levels left

rFire   . . .        Y - +2 shortbow
rCold   . . .        (shield currently unavailable)
rNeg    . . .        c - +2 leather armour {rPois}
rPois   +            (no helmet)
rElec   .            e - +2 cloak
rCorr   .            n - +2 pair of gloves
SInv    .            (no boots)
Will    .....        q - amulet of reflection
Stlth   +++++        l - +6 ring of dexterity
HPRegen 0.28/turn    (no ring)
MPRegen 0.14/turn

%: reflection
@: heroic
A: thin skeletal structure 1, agile 1
a: Renounce Religion, Heroism


You were on level 8 of the Dungeon.
You worshipped Okawaru.
Okawaru was aware of your devotion.
You visited 2 branches of the dungeon, and saw 10 of its levels.
You also visited: Ossuary.

You collected 479 gold pieces.
You spent 214 gold pieces at shops.


Innate Abilities, Weirdness & Mutations

You have a somewhat thin skeletal structure. (Dex +2, Stealth+)
You are agile. (Dex +4, Str/Int -1)


   Skills:
 + Level 3.1(8.1) Fighting
 - Level 14.0(19.0) Ranged Weapons
 - Level 1.3(6.3) Armour
 - Level 9.0(14.0) Dodging
 - Level 1.2(6.2) Stealth
 - Level 4.0 Invocations


You had 8 spell levels left.
You didn't know any spells.
Your spell library was empty.

Inventory:

Hand Weapons
 Y - a +2 shortbow (weapon)
Armour
 a - a +3 leather armour of willpower
 c - a +2 leather armour of poison resistance (worn)
 e - a +2 cloak (worn)
 n - a +2 pair of gloves (worn)
Jewellery
 l - a +6 ring of dexterity (left hand)
 q - an amulet of reflection (around neck)
Scrolls
 d - a scroll of enchant armour
 g - a scroll of identify
 o - a scroll of teleportation
Potions
 f - a potion of haste
 h - a potion of resistance
 i - a potion of curing
 j - a potion of mutation
 k - a potion of might
 m - a potion of degeneration {unknown}

Dungeon Overview and Level Annotations

Branches:
Dungeon (9/15)             Temple (1/1) D:6            Lair (0/5) D:9
Ossuary (visited)
    Orc: D:9-12

Altars:
Ashenzari
Cheibriados
Dithmenos
Elyvilon
Gozag
Hepliaklqana
Kikubaaqudgha
Makhleb
Nemelex Xobeh
Okawaru
Qazlal
Ru
Sif Muna
Trog
Uskayaw
Vehumet
Wu Jian
Xom
Yredelemnul
Zin
The Shining One

Shops:
D:2 [   D:3 ?

Annotations:
D:6 exclusion: electric eel
D:7 2 transporters
D:9 2 transporters, qw's ghost, novice GrFi


Message History

Enter note:
9213 ||| INVOKING Heroism.
You gain the combat prowess of a mighty hero.
You shoot an arrow. The death yak bellows! x3
The arrow hits the death yak!
The death yak is lightly wounded.
You shoot an arrow. The arrow hits the death yak!
The death yak is moderately wounded.
You shoot an arrow. The death yak bellows!
The arrow hits the death yak.
The death yak is moderately wounded.
You shoot an arrow.
The arrow hits the death yak but does no damage.
The death yak is moderately wounded.
The death yak snorts and paws the ground.
You shoot an arrow. The arrow hits the death yak.
The death yak is moderately wounded.
The death yak completely misses you.
You shoot an arrow. The arrow hits the death yak.
The death yak is moderately wounded.
You block the death yak's attack. x2
You shoot an arrow.
The arrow hits the death yak but does no damage.
The death yak is moderately wounded.
The death yak barely misses you.
The death yak gores you but does no damage.
You shoot an arrow. The arrow hits the death yak.
The death yak is heavily wounded.
You shoot an arrow. The arrow hits the death yak.
The death yak is heavily wounded.
The death yak gores you but does no damage.
The death yak gores you!! The death yak completely misses you.
You shoot an arrow.
The arrow hits the death yak but does no damage.
The death yak is heavily wounded.
The death yak gores you! The death yak completely misses you.
The death yak misses you. The death yak gores you!
You die...

.[## ###.....#..#..#...#..#..#.
#..#########....###...#.#...###..
###o..o..####..#...#...#...#...#.
######..###.#.....#..#..#.....#
##..##...[..).#####..[....
##..#.#.....#..#..#.....# #######
##....#...#...#...#...#. ......##
###...###...#.#...###..
#####..### ##..#@Y#..#...#..#..#.
##...###..#YYY###.....###...# ###
###.........#..#..[[.#..#...
..### ###..#...#...#.....#...#..
##..## #..#......#.#...#.#.....
##..#####........#...#.#...#....
# ##...........).................
## #............Y>..........#####
.###...........##############


You could see 4 death yaks.

Vanquished Creatures
  A troll (D:8)
  A wyvern (D:7)
  A steam dragon (D:9)
  2 water moccasins
  2 orc warriors (D:8)
  A sky beast (D:6)
  A black bear (D:6)
  3 ice beasts
  An ogre (D:7)
  3 centaurs
  A phantom (D:7)
  A kobold brigand (D:5)
  3 bullfrogs
  3 scorpions
  4 water moccasin zombies (Ossuary)
  An electric eel (D:6)
  A hound (D:5)
  2 jellies
  A gnoll bouda (D:8)
  2 orc priests
  4 orc wizards
  5 iguanas
  3 mummies
  8 gnolls
  6 adders
  2 white imps
  An ufetubus (D:6)
  3 adder zombies (Ossuary)
  3 worms
  A dart slug (D:4)
  22 orcs
  9 ball pythons
  9 bats
  4 endoplasms
  3 giant cockroaches
  5 goblins
  5 hobgoblins
  7 jackals
  A quokka (D:1)
  4 frilled lizards (D:1)
  3 gnoll zombies (Ossuary)
  6 hobgoblin zombies (Ossuary)
  13 kobolds
  8 kobold zombies
  2 orc zombies
  8 rats
180 creatures vanquished.

Notes
Turn   | Place    | Note
-------+----------+-------------------------------------------
     0 | D:1      | qw the Deep Elf Hunter began the quest for the Orb.
     0 | D:1      | Reached XP level 1. HP: 12/12 MP: 3/3
     0 | D:1      | 0 ||| qw: Version: 0.3-a-9-g12657ce
     0 | D:1      | 0 ||| qw: Game counter: 4603
     0 | D:1      | 0 ||| qw: Always use a shield: true
     0 | D:1      | 0 ||| qw: God list: Okawaru
     0 | D:1      | 0 ||| qw: Allow faded altars: false
     0 | D:1      | 0 ||| qw: Do Orc after D:15 true
     0 | D:1      | 0 ||| qw: Do second Lair branch before Depths: true
     0 | D:1      | 0 ||| qw: Lair rune preference: random
     0 | D:1      | 0 ||| qw: Plans: Normal
     0 | D:1      | 0 ||| PLANNING D:1-11
   181 | D:1      | Reached XP level 2. HP: 16/16 MP: 4/4
   196 | D:1      | Reached skill level 6 in Ranged Weapons
   295 | D:1      | 295 ||| DROPPING amulet of magic regeneration.
   296 | D:1      | 296 ||| READING scroll labelled YXIETZ POFFIDIR.
   311 | D:1      | 311 ||| Stepping ~*~*~tactically~*~*~ (water).
   573 | D:1      | 573 ||| READING scroll labelled INWUECL TITALL.
   574 | D:1      | 574 ||| READING 2 scrolls labelled EDEPRA ZEGOS.
   575 | D:1      | 575 ||| READING scroll labelled WIYCWU ZOICE.
   576 | D:1      | 576 ||| READING scroll labelled FAPEUVOQAO.
   577 | D:1      | 577 ||| DROPPING scroll of butterflies.
   736 | D:2      | Found Qazxeika's Antique Armour Shoppe.
   747 | D:2      | 747 ||| BUYING dyed leather armour (110 gold).
   747 | D:2      | Bought a dyed leather armour for 110 gold pieces
   747 | D:2      | 747 ||| SHOPLISTING glowing fire dragon scales (1386 gold,
                  | have 22).
   747 | D:2      | 747 ||| SHOPLISTING glowing helmet (165 gold, have 22).
   747 | D:2      | 747 ||| SHOPLISTING shiny ring mail (154 gold, have 22).
   820 | D:2      | Reached XP level 3. HP: 16/20 MP: 5/5
   845 | D:2      | Reached skill level 7 in Ranged Weapons
  1128 | D:2      | Reached XP level 4. HP: 25/25 MP: 6/6
  1452 | D:2      | 1452 ||| UPGRADING to +3 leather armour of willpower.
  1462 | D:2      | 1462 ||| DROPPING +0 leather armour.
  1463 | D:2      | 1463 ||| UPGRADING to +2 cloak.
  1468 | D:2      | 1468 ||| READING 2 scrolls of identify.
  1468 | D:2      | 1468 ||| IDENTIFYING fuming orange potion
  1847 | D:3      | Reached skill level 8 in Ranged Weapons
  1852 | D:3      | 1852 ||| Stepping ~*~*~tactically~*~*~ (outnumbered).
  2106 | D:3      | Found Ricuin's Magic Scroll Shop.
  2109 | D:3      | 2109 ||| BUYING scroll of enchant armour (82 gold).
  2109 | D:3      | Bought a scroll of enchant armour for 82 gold pieces
  2109 | D:3      | 2109 ||| SHOPLISTING scroll of enchant armour (82 gold,
                  | have 45).
  2109 | D:3      | 2109 ||| BUYING scroll of identify (22 gold).
  2109 | D:3      | Bought a scroll of identify for 22 gold pieces
  2109 | D:3      | 2109 ||| READING scroll labelled BIOROI DOIKOILA.
  2110 | D:3      | 2110 ||| READING 2 scrolls of identify.
  2110 | D:3      | 2110 ||| IDENTIFYING yellow potion
  2213 | D:4      | Reached XP level 5. HP: 29/29 MP: 7/7
  2237 | D:4      | Reached skill level 9 in Ranged Weapons
  2342 | D:4      | 2342 ||| Stepping ~*~*~tactically~*~*~ (outnumbered).
  2358 | D:4      | 2358 ||| DRINKING potion of curing.
  2358 | D:4      | 2358 ||| (to cure confusion)
  2361 | D:4      | HP: 5/29 [orc wizard/puff of flame (8)]
  2361 | D:4      | HP: 2/29 [orc/+0 short sword (3)]
  2362 | D:4      | 2362 ||| DRINKING 2 potions of heal wounds.
  2369 | D:4      | Reached skill level 3 in Dodging
  2379 | D:4      | HP: 7/29 [orc/+0 short sword (3)]
  2380 | D:4      | Reached XP level 6. HP: 9/35 MP: 8/8
  2495 | D:4      | Identified the +0 sling of the Feeding Puffin {elec, Str+2}
  2497 | D:4      | 2497 ||| DROPPING +0 sling of the Feeding Puffin {elec,
                  | Str+2}.
  2537 | D:4      | Identified the +2 morningstar "Ekhupnop" {freeze, rElec rC+
                  | Dex+7 Stlth-}
  2846 | D:4      | 2846 ||| UPGRADING to +2 leather armour of poison
                  | resistance.
  2856 | D:4      | 2856 ||| UPGRADING to +6 ring of dexterity.
  2857 | D:4      | 2857 ||| READING scroll labelled IXAZIV RIJELYRCH.
  2858 | D:4      | 2858 ||| READING 2 scrolls labelled SYIJEI ATTUVE.
  2859 | D:4      | 2859 ||| READING scroll of enchant weapon.
  2859 | D:4      | 2859 ||| ENCHANTING +1 shortbow.
  2860 | D:4      | 2860 ||| READING 2 scrolls of identify.
  2860 | D:4      | 2860 ||| IDENTIFYING amethyst potion
  2861 | D:4      | 2861 ||| DROPPING potion of ambrosia.
  2890 | D:5      | Entered Level 5 of the Dungeon
  3131 | D:5      | Noticed a water moccasin
  3138 | D:5      | Killed a water moccasin
  3467 | D:5      | Reached XP level 7. HP: 40/40 MP: 9/9
  3594 | D:5      | Reached skill level 10 in Ranged Weapons
  3804 | D:5      | 3804 ||| READING scroll labelled DEGETI EPP.
  3805 | D:5      | 3805 ||| DRINKING 2 fuming cyan potions.
  3805 | D:5      | Gained mutation: You are agile. (Dex +4, Str/Int -1)
                  | [potion of mutation]
  3805 | D:5      | Gained mutation: You have a somewhat thin skeletal
                  | structure. (Dex +2, Stealth+) [potion of mutation]
  3806 | D:5      | 3806 ||| READING 2 scrolls of identify.
  3806 | D:5      | 3806 ||| IDENTIFYING white potion
  3840 | D:6      | 3840 ||| STAIRDANCE
  3911 | D:6      | 3911 ||| STAIRDANCE
  4081 | D:6      | Reached skill level 11 in Ranged Weapons
  4097 | D:6      | Reached skill level 6 in Dodging
  4204 | D:6      | Found a staircase to the Ecumenical Temple.
  4205 | D:6      | 4205 ||| PLANNING TEMPLE
  4346 | D:6      | 4346 ||| FLEEEEING.
  4347 | D:6      | 4347 ||| FLEEEEING.
  4348 | D:6      | 4348 ||| FLEEEEING.
  4349 | D:6      | 4349 ||| READING 2 scrolls of identify.
  4349 | D:6      | 4349 ||| IDENTIFYING murky puce potion
  4353 | D:6      | HP: 10/40 [electric eel/bolt of electricity (4)]
  4354 | D:6      | 4354 ||| FLEEEEING.
  4355 | D:6      | 4355 ||| FLEEEEING.
  4356 | D:6      | 4356 ||| FLEEEEING.
  4357 | D:6      | 4357 ||| FLEEEEING.
  4366 | D:6      | 4366 ||| STAIRDANCE
  4467 | D:5      | 4467 ||| DROPPING potion of invisibility.
  4507 | D:6      | Reached XP level 8. HP: 44/44 MP: 10/10
  4812 | Temple   | Entered the Ecumenical Temple
  4813 | Temple   | 4813 ||| PLANNING OKAWARU WORSHIP
  5480 | Temple   | Became a worshipper of Warmaster Okawaru
  5481 | Temple   | 5481 ||| PLANNING D:1-11
  5842 | D:6      | 5842 ||| FLEEEEING.
  5845 | D:6      | 5845 ||| FLEEEEING.
  5846 | D:6      | 5846 ||| FLEEEEING.
  6064 | D:6      | 6064 ||| FLEEEEING.
  6069 | D:6      | 6069 ||| FLEEEEING.
  6070 | D:6      | 6070 ||| FLEEEEING.
  6077 | D:6      | HP: 11/44 [electric eel/bolt of electricity (17)]
  6078 | D:6      | 6078 ||| FLEEEEING.
  6081 | D:6      | 6081 ||| FLEEEEING.
  6084 | D:6      | HP: 6/44 [electric eel/bolt of electricity (7)]
  6085 | D:6      | 6085 ||| DRINKING potion of heal wounds.
  6088 | D:6      | Reached skill level 12 in Ranged Weapons
  6424 | D:7      | Reached skill level 3 in Fighting
  6480 | D:7      | Found a transporter.
  6493 | D:7      | Found a glowing golden altar of the Shining One.
  6742 | D:7      | Found a transporter.
  6956 | D:7      | Reached * piety under Okawaru
  6957 | D:7      | Reached skill level 13 in Ranged Weapons
  6967 | D:7      | Found a shimmering blue altar of Sif Muna.
  7103 | D:7      | Reached skill level 1 in Invocations
  7182 | D:7      | You fall into a shaft and drop 2 floors!
  7187 | D:9      | Found a transporter.
  7217 | D:9      | Noticed qw's ghost (novice GrFi)
  7226 | D:9      | Found a transporter.
  7241 | D:9      | 7241 ||| INVOKING Heroism.
  7245 | D:9      | 7245 ||| Stepping ~*~*~tactically~*~*~ (cloud).
  7254 | D:9      | Reached XP level 9. HP: 23/50 MP: 10/12
  7254 | D:9      | 7254 ||| Stepping ~*~*~tactically~*~*~ (cloud).
  7352 | D:9      | 7352 ||| UPGRADING to +0 pair of gloves.
  7357 | D:9      | 7357 ||| READING 2 scrolls of enchant armour.
  7357 | D:9      | 7357 ||| ENCHANTING +0 pair of gloves.
  7358 | D:9      | 7358 ||| READING scroll of enchant armour.
  7358 | D:9      | 7358 ||| ENCHANTING +1 pair of gloves.
  7359 | D:9      | 7359 ||| READING scroll labelled KIOLYI LOEDIE.
  7369 | D:8      | 7369 ||| PLANNING OSSUARY
  7430 | D:8      | Noticed a troll
  7431 | D:8      | 7431 ||| INVOKING Heroism.
  7434 | D:8      | 7434 ||| Stepping ~*~*~tactically~*~*~ (outnumbered).
  7437 | D:8      | Killed a troll
  7438 | D:8      | Reached skill level 1 in Armour
  7438 | D:8      | Reached skill level 3 in Invocations
  7668 | D:8      | 7668 ||| FLEEEEING.
  7669 | D:8      | 7669 ||| FLEEEEING.
  7672 | D:8      | 7672 ||| FLEEEEING.
  7674 | D:8      | 7674 ||| FLEEEEING.
  7675 | D:8      | 7675 ||| FLEEEEING.
  7676 | D:8      | 7676 ||| FLEEEEING.
  7852 | D:8      | 7852 ||| INVOKING Heroism.
  7854 | D:8      | 7854 ||| Stepping ~*~*~tactically~*~*~ (outnumbered).
  7888 | D:8      | 7888 ||| FLEEEEING.
  7889 | D:8      | 7889 ||| FLEEEEING.
  7896 | D:8      | 7896 ||| FLEEEEING.
  7897 | D:8      | 7897 ||| FLEEEEING.
  7900 | D:8      | 7900 ||| FLEEEEING.
  7906 | D:8      | 7906 ||| FLEEEEING.
  7908 | D:8      | 7908 ||| FLEEEEING.
  7910 | D:8      | 7910 ||| FLEEEEING.
  7913 | D:8      | 7913 ||| FLEEEEING.
  7920 | D:8      | 7920 ||| FLEEEEING.
  7926 | D:8      | 7926 ||| FLEEEEING.
  7928 | D:8      | 7928 ||| FLEEEEING.
  7929 | D:8      | 7929 ||| FLEEEEING.
  7930 | D:8      | 7930 ||| FLEEEEING.
  7931 | D:8      | 7931 ||| FLEEEEING.
  7934 | D:8      | 7934 ||| FLEEEEING.
  7935 | D:8      | 7935 ||| FLEEEEING.
  7936 | D:8      | 7936 ||| FLEEEEING.
  7938 | D:8      | 7938 ||| STAIRDANCE
  7975 | D:7      | 7975 ||| DRINKING 2 purple potions.
  7976 | D:7      | 7976 ||| DROPPING potion of attraction.
  7999 | D:8      | Found a sand-covered staircase.
  8007 | Ossuary  | Entered an ossuary
  8073 | Ossuary  | Reached skill level 14 in Ranged Weapons
  8112 | Ossuary  | 8112 ||| FLEEEEING.
  8113 | Ossuary  | 8113 ||| FLEEEEING.
  8114 | Ossuary  | 8114 ||| FLEEEEING.
  8115 | Ossuary  | 8115 ||| FLEEEEING.
  8116 | Ossuary  | 8116 ||| FLEEEEING.
  8117 | Ossuary  | 8117 ||| FLEEEEING.
  8118 | Ossuary  | 8118 ||| FLEEEEING.
  8119 | Ossuary  | 8119 ||| FLEEEEING.
  8120 | Ossuary  | 8120 ||| FLEEEEING.
  8121 | Ossuary  | 8121 ||| FLEEEEING.
  8122 | Ossuary  | 8122 ||| FLEEEEING.
  8123 | Ossuary  | 8123 ||| FLEEEEING.
  8124 | Ossuary  | 8124 ||| FLEEEEING.
  8125 | Ossuary  | 8125 ||| FLEEEEING.
  8225 | Ossuary  | 8225 ||| DRINKING 2 gluggy clear potions.
  8226 | Ossuary  | 8226 ||| READING 3 scrolls of identify.
  8226 | Ossuary  | 8226 ||| IDENTIFYING bubbling grey potion
  8227 | Ossuary  | 8227 ||| READING 2 scrolls of identify.
  8227 | Ossuary  | 8227 ||| IDENTIFYING smoky inky potion
  8228 | Ossuary  | 8228 ||| DROPPING potion of lignification.
  8237 | D:8      | 8237 ||| PLANNING D:1-11
  8361 | D:8      | 8361 ||| INVOKING Heroism.
  8506 | D:8      | Reached ** piety under Okawaru
  8507 | D:8      | Reached skill level 9 in Dodging
  8944 | D:8      | 8944 ||| UPGRADING to amulet of reflection.
  8949 | D:8      | 8949 ||| DRINKING 2 murky brown potions.
  8950 | D:8      | 8950 ||| DROPPING potion of brilliance.
  8984 | D:9      | Noticed a death yak
  8984 | D:9      | Noticed a death yak
  8984 | D:9      | Noticed a death yak
  8984 | D:9      | Noticed a death yak
  8984 | D:9      | Found a staircase to the Lair.
  8985 | D:9      | 8985 ||| INVOKING Heroism.
  8989 | D:9      | Noticed a death yak
  8990 | D:9      | Noticed a death yak
  8997 | D:9      | 8997 ||| STAIRDANCE
  9002 | D:8      | HP: 8/50 [death yak (18)]
  9003 | D:8      | 9003 ||| READING 2 scrolls of teleportation.
  9004 | D:8      | 9004 ||| DRINKING potion of heal wounds.
  9213 | D:8      | 9213 ||| INVOKING Heroism.
  9223 | D:8      | HP: 9/50 [death yak (17)]
  9223 | D:8      | Slain by a death yak

Levels and vault maps discovered:
D:1:      dpeg_arrival_prison, layout_rooms, chequers_serial_rivers_micro_a,
          minmay_octomino_e4
D:2:      layout_basic, serial_shops, shop
D:3:      layout_loops_ring, serial_shops, nicolae_shop_rolled_up
D:4:      layout_rooms, chequers_serial_rivers_small_a
D:5:      layout_loops_corners
D:6:      layout_basic, temple_doors_e, kennysheep_cluttered_room,
          ebering_dispersal_statue_hall, chequers_avenue
D:7:      gammafunk_cloud_chamber, layout_loops_cross,
          overflow_temple_1_default, tso_altar
D:8:      layout_layer_cave, nicolae_ossuary_entry_giza, minmay_splitting_lines,
          st_stairs_8
D:9:      minmay_blocky_corners, layout_irregular_city, dpeg_lair_monsters,
          orc_0_dummy, gammafunk_ghost_stat_death
Temple:   compressed_dpeg_triangle_lava_temple

Skill      XL: |  1  2  3  4  5  6  7  8  9 |
---------------+----------------------------+-----
Ranged Weapons | 6 7 8 9 11 13 14 | 14.0
Dodging        | 3 4 6 7 9 |  9.0
Fighting       | 2 3 |  3.1
Invocations    | 2 4 |  4.0
Armour         | 1 |  1.3
Stealth        | |  1.2

Action                     |  1- 3 |  4- 6 |  7- 9 || total
---------------------------+-------+-------+-------++-------
   Fire: Shortbow          |    91 |   189 |   404 ||   684
 Invoke: Heroism           |       |       |     6 ||     6
    Use: Scroll            |     5 |     7 |     9 ||    21
         Potion            |       |     2 |     6 ||     8
 Armour: Leather armour    |    11 |    47 |    32 ||    90
  Dodge: Dodged            |    18 |    92 |   146 ||   256
  Block: Other             |       |       |    14 ||    14

Table legend:
 A = Non-vault XP
 B = Vault XP
 C = Vault XP percentage of total XP
 D = Non-vault monster count
 E = Vault monster count
 F = Vault count percentage of total count
                 A         B        C        D         E       F
            +---------+---------+-------+---------+---------+-------
      Total |    4081 |     421 |   9.4 |     143 |      37 |  20.6
            +---------+---------+-------+---------+---------+-------
        D:1 |      21 |       9 |  30.0 |      15 |       6 |  28.6
        D:2 |      90 |       0 |   0.0 |      18 |       0 |   0.0
        D:3 |      50 |       0 |   0.0 |      17 |       0 |   0.0
        D:4 |     235 |       0 |   0.0 |      21 |       0 |   0.0
        D:5 |     514 |       0 |   0.0 |      20 |       0 |   0.0
        D:6 |     697 |       0 |   0.0 |      18 |       0 |   0.0
        D:7 |    1028 |       0 |   0.0 |       9 |       0 |   0.0
        D:8 |    1263 |      26 |   2.0 |      24 |       5 |  17.2
        D:9 |     183 |       0 |   0.0 |       1 |       0 |   0.0
    Ossuary |       0 |     386 | 100.0 |       0 |      26 | 100.0
            +---------+---------+-------+---------+---------+-------
